Map: Terrasses de Prion

Players

zidar - Winner!

  • Race: Zerg Zerg
  • League: Silver
  • Spawn Location: 11:00

Carles

  • Race: Protoss Protoss
  • League: Gold
  • Spawn Location: 5:00

VOD

Have the link to the VOD?

Description

Time

  • Played on: Jan. 22, 2016, 1:14 p.m.
  • Length: 13:42
Show
View Real Time Build Order
Export as new Build Order

zidar Zerg - Winner!

Build Orders: Pool First, Lurkers 

Get SALT Encoding   

  12  0:02  Drone  
  13  0:12  Overlord  
  13  0:17  Drone  
  14  0:30  Drone x2  
  14  0:34  Drone  
  17  0:47  Spawning Pool  
  17  0:49  Drone  
  17  1:12  Hatchery  
  16  1:24  Drone  
  18  1:25  Drone  
  18  1:29  Extractor  
  17  1:33  Drone  
  17  1:34  Queen  
  20  1:47  Drone x2  
  21  1:59  Drone  
  22  2:07  Overlord  
  22  2:23  Queen  
  22  2:28  Roach Warren  
  23  2:43  Hatchery  
  22  2:45  Overlord  
  22  2:47  Drone  
  23  2:59  Metabolic Boost  
  23  3:17  Extractor  
  22  3:22  Queen  
  24  3:29  Drone  
  24  3:30  Drone x5  
  30  3:51  Roach x4  
  38  4:17  Drone x5  
  38  4:21  Roach  
  38  4:22  Roach x2  
  49  4:28  Overlord  
  49  4:29  Overlord  
  49  4:33  Overlord  
  49  4:43  Lair  
  49  4:49  Drone x4  
  49  4:51  Extractor  
  49  4:52  Extractor  
  51  5:02  Overlord x2  
  51  5:26  Drone x4  
  51  5:27  Drone  
  56  5:33  Ravager x3  
  59  5:35  Overlord  
  59  5:36  Overlord x2  
  59  5:39  Drone x6  
  65  5:45  Overseer  
  65  5:53  Hydralisk Den  
  64  6:16  Roach  
  64  6:17  Roach x8  
  64  6:18  Zergling x6  
  83  6:25  Lurker Den  
  85  6:27  Evolution Chamber  
  84  6:35  Evolution Chamber  
  84  6:36  Drone x4  
  87  6:48  Pneumatized Carapace  
  87  6:53  Drone x6  
  93  7:00  Extractor x2  
  91  7:07  Zerg Ground Armor Level 1  
  91  7:08  Zerg Melee Weapons Level 1  
  91  7:13  Glial Reconstitution  
  91  7:37  Infestation Pit  
  90  7:47  Hatchery  
  89  8:02  Drone x7  
  96  8:10  Hydralisk x5  
  106  8:14  Overlord  
  106  8:16  Overlord x3  
  106  8:56  Hydralisk x5  
  106  8:57  Hydralisk x7  
  130  9:23  Lurker x3  
  130  9:24  Lurker x2  
  135  9:27  Hydralisk x4  
  141  10:17  Zerg Ground Armor Level 2, Zerg Melee Weapons Level 2  
  141  10:20  Hive  
  141  10:30  Muscular Augments  
  141  10:39  Zergling x2  
  141  10:40  Zergling x4  
  144  10:43  Overlord x2  
  144  10:44  Overlord x5  
  144  10:45  Overlord  
  142  11:19  Roach x5  
  142  11:20  Roach  
  142  11:22  Hydralisk  
  142  11:23  Hydralisk x11  
  142  11:24  Zergling x2  
  142  11:25  Zergling x16  
  187  11:39  Ultralisk Cavern  
Show
View Real Time Build Order
Export as new Build Order

Carles Protoss 

Build Orders:  

Get SALT Encoding   

  12  0:03  Probe (Chrono Boost)  
  13  0:13  Probe (Chrono Boost)  
  14  0:22  Pylon  
  14  0:34  Probe (Chrono Boost)  
  15  0:39  Assimilator  
  15  0:43  Gateway  
  15  0:45  Probe (Chrono Boost)  
  16  1:00  Probe (Chrono Boost), Assimilator  
  18  1:11  Probe (Chrono Boost)  
  18  1:19  Forge  
  18  1:22  Probe (Chrono Boost)  
  19  1:32  Probe (Chrono Boost)  
  20  1:34  Zealot  
  22  1:44  Probe (Chrono Boost)  
  23  1:48  Pylon  
  23  1:54  Cybernetics Core  
  23  2:06  Probe (Chrono Boost)  
  24  2:30  Gateway  
  24  2:32  Gateway  
  24  2:34  Photon Cannon  
  24  2:46  Probe (Chrono Boost)  
  25  2:57  Mothership Core (Chrono Boost)  
  27  3:08  Warp Gate  
  27  3:14  Pylon  
  27  3:15  Probe (Chrono Boost)  
  28  3:26  Probe (Chrono Boost)  
  29  3:27  Pylon  
  29  3:36  Probe (Chrono Boost)  
  29  3:37  Photon Cannon  
  30  3:56  Nexus  
  30  3:58  Probe (Chrono Boost)  
  31  4:03  Protoss Ground Weapons Level 1  
  31  4:08  Sentry, Stalker  
  35  4:22  Assimilator  
  35  4:24  Assimilator  
  35  4:43  Probe (Chrono Boost)  
  36  4:53  Probe (Chrono Boost)  
  37  5:04  Probe (Chrono Boost)  
  38  5:12  Nexus  
  38  5:14  Probe (Chrono Boost)  
  39  5:21  Probe (Chrono Boost)  
  39  5:24  Robotics Facility  
  40  5:32  Probe (Chrono Boost)  
  40  5:33  Probe (Chrono Boost)  
  42  5:40  Zealot  
  42  5:41  Zealot  
  42  5:42  Zealot  
  48  5:43  Probe (Chrono Boost)  
  49  6:01  Gateway  
  49  6:02  Probe x2 (Chrono Boost)  
  49  6:03  Pylon  
  51  6:05  Pylon  
  51  6:08  Assimilator  
  51  6:10  Pylon  
  51  6:11  Pylon  
  51  6:13  Probe  
  52  6:21  Immortal  
  52  6:24  Probe  
  57  6:27  Probe  
  57  6:28  Probe  
  59  6:34  Stalker  
  59  6:38  Zealot  
  63  6:46  Probe x2  
  65  6:49  Probe  
  65  6:52  Zealot  
  68  6:58  Probe  
  69  7:05  Warp Prism  
  69  7:07  Probe  
  72  7:12  Photon Cannon  
  72  7:25  Protoss Shields Level 1  
  72  7:26  Probe  
  72  7:27  Probe x2  
  75  7:34  Pylon  
  75  7:36  Probe, Pylon  
  75  7:39  Probe  
  75  7:40  Stalker  
  75  7:41  Robotics Facility, Stalker  
  81  8:07  Adept x2  
  81  8:08  Adept x2  
  89  8:13  Immortal  
  89  8:15  Probe  
  89  8:16  Probe  
  89  8:17  Probe  
  96  8:26  Probe  
  97  8:50  Stalker  
  97  8:51  Stalker x3  
  97  8:52  Immortal  
  109  9:03  Probe  
  109  9:05  Probe x2  
  108  9:17  Probe  
  108  9:23  Stalker x2  
  108  9:24  Stalker x2  
  117  9:36  Twilight Council  
  117  9:52  Immortal  
  117  9:55  Pylon  
  117  9:56  Assimilator  
  117  10:10  Pylon  
  117  10:13  Pylon  
  117  10:15  Pylon  
  117  10:16  Pylon  
  117  10:23  Protoss Ground Armor Level 1  
  117  10:28  Immortal  
  121  10:31  Blink  
  121  10:37  Robotics Bay  
  121  10:38  Dark Shrine  
  121  10:39  Probe  
  121  10:40  Probe x2  
  124  10:44  Templar Archives  
  124  10:55  Nexus  
  124  11:02  Stalker x3  
  124  11:03  Zealot  
  126  11:13  Nexus  
  126  12:11  Zealot  
  126  12:12  Zealot x3  
  134  12:38  Colossus x2  
  134  12:41  Nexus  
  146  12:52  Gateway  
  146  12:55  Gateway  
  146  13:02  Gateway  
  141  13:13  Gateway  
Tags
 
Composition
Lurkers
Matchup
PvZ
Opening
Pool First
Spawn Locations
Cross Positions
Add a new tag
Caveats
  • Supply blocks, unpowered buildings, or Contaminate may cause inaccurate times.
  • Supply counts are checked every 10 seconds.